 Dungeon Crawl Stone Soup version 0.22.1-6-g1668fe2 (webtiles) character file.

13061 Harpaggios the Thaumaturge (level 11, 0/64 HPs)
             Began as a Deep Elf Air Elementalist on Jan 20, 2019.
             Was a Believer of Ashenzari.
             Slain by a spiny frog (3 damage)
             ... on level 1 of the Lair of Beasts.
             The game lasted 01:48:13 (15451 turns).

Harpaggios the Thaumaturge (DEAE)                  Turns: 15451, Time: 01:48:14

Health: 0/64       AC:  5    Str:  7    XL:     11   Next: 70%
Magic:  12/28      EV:  2    Int: 22    God:    Ashenzari [**....]
Gold:   689        SH:  0    Dex: 15    Spells: 12/33 levels left

rFire    . . .     SeeInvis +   r - staff of energy (curse)
rCold    + . .     Gourm    .   (no shield)
rNeg     + + +     Faith    .   a - +1 robe (curse)
rPois    ∞         Spirit   .   (no helmet)
rElec    .         Reflect  .   A - +0 cloak
rCorr    .         Harm     .   w - +0 pair of gloves (curse)
MR       +....                  (no boots)
Stlth    ++........             x - amulet of the acrobat (curse)
HPRegen  0.20/turn              t - ring of protection from cold
MPRegen  0.21/turn              D - ring of see invisible

@: petrified
A: no striking features
a: Curse Item, Scrying, Renounce Religion


You were on level 1 of the Lair of Beasts.
You worshipped Ashenzari.
Ashenzari was pleased with you.
You were not hungry.

You visited 2 branches of the dungeon, and saw 13 of its levels.
You also visited: Sewer.

You collected 746 gold pieces.
You spent 57 gold pieces at shops.

Inventory:

Hand Weapons
 F - the +8 dagger of Wazxy {pierce, rN+ MR+}
   (You found it on level 7 of the Dungeon)

   It inflicts extra damage upon your enemies.
   It protects you from negative energy.
   It affects your resistance to hostile enchantments.
 M - the +5 spear "Elf's Regret" {drain, -Tele rElec Int+3}
   (You found it on level 10 of the Dungeon)

   A truly terrible weapon, it drains the life of those it strikes.
   It affects your intelligence (+3).
   It insulates you from electricity.
   It prevents most forms of teleportation.
Armour
 a - a cursed +1 robe (worn)
 w - a cursed +0 pair of gloves (worn)
 A - a +0 cloak (worn)
 T - a +0 troll leather armour
Magical Staves
 r - a cursed staff of energy (weapon)
 B - an uncursed staff of summoning
Jewellery
 l - an uncursed ring of flight
 n - an uncursed ring of fire
 o - an uncursed amulet of regeneration
 t - a ring of protection from cold (left hand)
 x - a cursed amulet of the acrobat (around neck)
 D - a ring of see invisible (right hand)
Wands
 s - a wand of paralysis (13)
 y - a wand of acid (1)
 I - a wand of random effects (24)
 L - a wand of iceblast (14)
 R - a wand of enslavement (10)
Scrolls
 e - 10 scrolls of identify
 g - a scroll of blinking
 i - a scroll of enchant armour
 k - 3 scrolls of remove curse
 m - 7 scrolls of teleportation
 E - a scroll of magic mapping
 H - 2 scrolls of fear
 N - a scroll of silence
 O - a scroll of enchant weapon
 Q - a scroll of amnesia
 S - a scroll of fog
Potions
 b - a potion of mutation {unknown}
 d - 5 potions of haste
 f - 4 potions of heal wounds
 h - 8 potions of curing
 j - a potion of flight {unknown}
 p - 2 potions of magic
 q - a potion of cancellation {unknown}
 u - 3 potions of lignification
 v - 3 potions of might
 z - a potion of degeneration {unknown}
 C - 3 potions of invisibility
 G - a potion of agility
 P - a potion of ambrosia {unknown}
Miscellaneous
 J - a crystal ball of energy
 K - a fan of gales (inert)
Comestibles
 c - 15 rations


   Skills:
 + Level 5.4 Fighting
 - Level 8.0 Dodging
 - Level 2.4 Stealth
 * Level 11.8 Spellcasting
 + Level 8.8 Conjurations
 + Level 9.6 Air Magic
 - Level 7.7(10.0) Evocations


You had 12 spell levels left.
You knew the following spells:

 Your Spells              Type           Power        Failure   Level  Hunger
a - Shock                 Conj/Air       ####         1%          1    None
b - Swiftness             Chrm/Air       ####....     1%          2    None
c - Static Discharge      Conj/Air       ######..     1%          3    None
d - Airstrike             Air            ######....   1%          4    None
e - Lightning Bolt        Conj/Air       ######....   3%          5    None
f - Flame Tongue          Conj/Fire      ####.        1%          1    None
g - Venom Bolt            Conj/Pois      ####......   22%         5    None

Your spell library contained the following spells:

 Spells                   Type           Power        Failure   Level  Hunger
 Confusing Touch          Hex            ##....       4%          1    None
 Confuse                  Hex            ##......     16%         3    None
 Gell's Gravitas          Tloc           ##........   16%         3    None
 Regeneration             Chrm/Necr      ##........   16%         3    None
 Iskenderun's Battlesphe  Conj/Chrm      ####....     22%         5    None
 Bolt of Magma            Conj/Fire/Erth ####......   38%         5    None
 Animate Dead             Necr           N/A          45%         4    None
 Petrify                  Tmut/Erth      ##......     45%         4    None
 Orb of Destruction       Conj           ######....   73%         7    None
 Iron Shot                Conj/Erth      ####......   77%         6    None
 Agony                    Necr           ##......     80%         5    None
 Borgnjor's Vile Clutch   Necr/Erth      ##........   80%         5    None
 Metabolic Englaciation   Hex/Ice        ##........   80%         5    None
 Yara's Violent Unravell  Hex/Tmut       ##........   80%         5    None
 Spellforged Servitor     Conj/Summ      ####......   100%        7    None


Dungeon Overview and Level Annotations

Branches:
Dungeon (12/15)            Temple (0/1) D:4            Lair (1/6) D:11
    Orc (0/2) D:12

Altars:
Ashenzari
Dithmenos
Makhleb
Okawaru
Trog
Zin

Shops:
D:4 %:=*   D:8 =   D:10 *   D:11 :

Annotations:
D:4 Shop rings books
D:6 exclusion: troll
D:8 shop rings
D:11 books artifact


Message History

You kill the basilisk!
You hear an angry hiss.
You hear a loud, deep croak!
You hear a croak.
A spiny frog comes into view.
The porcupine bites you!
You have turned to stone.
The porcupine bites you! x3
The porcupine bites you. The porcupine bites you! x2
The spiny frog stings you!
A basilisk comes into view.
The spiny frog stings you but does no damage.
The porcupine bites you! The spiny frog stings you!
* * * LOW HITPOINT WARNING * * *
The spiny frog stings you!
* * * LOW HITPOINT WARNING * * *
The porcupine bites you.
* * * LOW HITPOINT WARNING * * *
The spiny frog stings you!
* * * LOW HITPOINT WARNING * * *
The spiny frog stings you.
You die...

*, , , ....
*..#### * ...
,#...... , * *
.###l.##.......,
* ,
...............
,
...†...........
, ,
............#
......FF...# , *
, , ......r@...#
, ####..###..#
,, * #P. .# , ,
... ,#* , , *
#.. * ,, , , #.
, , * , * . , *
* * * * , , , *


You could see 2 spiny frogs, a basilisk and a porcupine.

Vanquished Creatures
  Harold (D:7)
  A two-headed ogre (D:12)
  4 ugly things
  2 cyclopes (D:11)
  A hornet (D:10)
  A troll (D:11)
  3 slime creatures (D:12)
  A wraith (D:12)
  A basilisk (Lair:1)
  Sigmund (D:2)
  5 yaks (D:10)
  2 hungry ghosts (D:10)
  Edmund (D:4)
  A water moccasin (D:8)
  4 porcupines (D:11)
  3 orc warriors
  2 black bears (D:11)
  An eye of draining (D:8)
  4 phantoms
  4 sky beasts
  4 ice beasts
  A black bear (shapeshifter) (D:12)
  4 ogres
  A necrophage (D:8)
  4 centaurs
  2 crocodiles
  2 big kobolds
  12 bullfrogs
  A gnoll sergeant (D:10)
  4 scorpions
  9 killer bees
  5 wights (D:10)
  6 crimson imps
  2 bullfrog zombies
  2 centaur zombies
  A quasit (D:6)
  A bullfrog skeleton (D:8)
  3 hounds
  4 jellies
  6 orc wizards
  4 orc priests
  2 centaur skeletons
  Terence (D:2)
  10 worker ants
  4 iguanas
  A worker ant zombie (D:8)
  14 gnolls
  18 adders
  An ooze (D:1)
  3 adder skeletons
  4 worms
  2 dart slugs
  8 leopard geckos
  33 orcs
  16 bats
  5 giant cockroaches
  6 goblins
  3 hobgoblins
  13 jackals
  18 kobolds
  5 quokkas
  5 frilled lizards (D:1)
  4 rats
297 creatures vanquished.

Vanquished Creatures (others)
  43 fungi (D:11)
  9 plants (D:11)
52 creatures vanquished.

Grand Total: 349 creatures vanquished

Notes
Turn   | Place    | Note
-------+----------+-------------------------------------------
     0 | D:1      | Harpaggios the Deep Elf Air Elementalist began the quest
                  | for the Orb.
     0 | D:1      | Reached XP level 1. HP: 10/10 MP: 6/6
   429 | D:1      | Reached XP level 2. HP: 15/15 MP: 6/8
  1302 | D:2      | Noticed Terence
  1326 | D:2      | Killed Terence
  1326 | D:2      | Reached XP level 3. HP: 19/19 MP: 3/10
  1475 | D:2      | Reached XP level 4. HP: 20/24 MP: 0/11
  1567 | D:2      | Learned a level 2 spell: Swiftness
  1571 | D:2      | Learned a level 3 spell: Static Discharge
  1594 | D:2      | Noticed Sigmund
  1777 | D:2      | Reached skill level 4 in Spellcasting
  1861 | D:2      | Found a shattered altar of Ashenzari.
  1892 | D:2      | Became a worshipper of Ashenzari the Shackled
  2234 | D:3      | Reached XP level 5. HP: 28/28 MP: 5/13
  2394 | D:3      | Found a glowing drain.
  2411 | Sewer    | Entered a sewer
  2534 | Sewer    | Noticed a crocodile
  2545 | Sewer    | Killed a crocodile
  2694 | D:3      | Learned a level 4 spell: Airstrike
  2740 | D:3      | Reached XP level 6. HP: 6/32 MP: 2/14
  3070 | D:3      | Reached skill level 5 in Air Magic
  3529 | D:2      | Killed Sigmund
  3529 | D:2      | Reached skill level 1 in Fighting
  3529 | D:2      | Reached skill level 5 in Spellcasting
  3635 | D:4      | Found Kevu's Food Shop.
  3654 | D:3      | Reached XP level 7. HP: 25/38 MP: 0/16
  3812 | D:4      | Found a burning altar of Makhleb.
  4081 | D:4      | Noticed Edmund
  4089 | D:4      | Killed Edmund
  4089 | D:4      | Reached skill level 5 in Dodging
  4122 | D:4      | Reached skill level 6 in Spellcasting
  4237 | D:4      | Found an iron altar of Okawaru.
  4279 | D:4      | Found a staircase to the Ecumenical Temple.
  4294 | D:4      | Found Jiluq's Assorted Antiques.
  4302 | D:4      | Bought a scroll of remove curse for 57 gold pieces
  4358 | D:4      | Found Beme's Jewellery Shoppe.
  4364 | D:4      | Found Zuozomim's Book Boutique.
  4974 | D:5      | Entered Level 5 of the Dungeon
  5041 | D:5      | Reached XP level 8. HP: 27/44 MP: 1/20
  5235 | D:5      | Reached skill level 7 in Spellcasting
  5273 | D:5      | Learned a level 5 spell: Lightning Bolt
  5291 | D:5      | Reached * piety under Ashenzari
  5922 | D:6      | Reached skill level 8 in Spellcasting
  6016 | D:6      | Reached skill level 1 in Evocations
  6296 | D:6      | Noticed a troll
  6998 | D:7      | Found a bloodstained altar of Trog.
  7018 | D:7      | Noticed Harold
  7038 | D:7      | Killed Harold
  7038 | D:7      | Reached XP level 9. HP: 38/52 MP: 0/23
  7347 | D:7      | Identified the Reference Book on Evil and the Blaze
  7421 | D:7      | Found a glowing silver altar of Zin.
  7552 | D:7      | Got the dagger of Wazxy {pierce, rN+ MR+}
  7650 | D:8      | Learned a level 1 spell: Flame Tongue
  7672 | D:8      | Reached skill level 5 in Evocations
  7878 | D:8      | Reached skill level 5 in Conjurations
  7956 | D:8      | Identified the +8 dagger of Wazxy {pierce, rN+ MR+} (You
                  | found it on level 7 of the Dungeon)
  8017 | D:8      | Found Caafeseu's Jewellery Shop.
  8608 | D:8      | Reached XP level 10. HP: 53/58 MP: 0/24
  8656 | D:8      | Reached skill level 5 in Fighting
  9663 | D:9      | Reached ** piety under Ashenzari
 10006 | D:9      | Found a shadowy altar of Dithmenos.
 10008 | D:9      | Found an iron altar of Okawaru.
 10350 | D:10     | Entered Level 10 of the Dungeon
 10350 | D:10     | Noticed a cyan ugly thing
 10464 | D:10     | Identified the +5 spear "Elf's Regret" {drain, -Tele rElec
                  | Int+3}
 10468 | D:10     | Found Liuviytu's Elemental Accessories.
 10836 | D:10     | Reached skill level 9 in Spellcasting
 11401 | D:10     | Paralysed by a hornet for 2 turns
 11404 | D:10     | Paralysed by a hornet for 1 turns
 12136 | D:10     | Killed a cyan ugly thing
 12454 | D:11     | Noticed a green ugly thing
 12461 | D:11     | Killed a green ugly thing
 12464 | D:11     | Noticed a cyclops
 12469 | D:11     | Reached skill level 10 in Spellcasting
 12615 | D:11     | Noticed a cyclops
 12635 | D:11     | Reached XP level 11. HP: 63/63 MP: 17/27
 12728 | D:11     | Noticed a red ugly thing
 13280 | D:11     | Killed a red ugly thing
 13535 | D:11     | Found a staircase to the Lair.
 13939 | D:11     | Found Plog's Book Shop.
 14111 | D:11     | Reached skill level 11 in Spellcasting
 14508 | D:12     | Learned a level 5 spell: Venom Bolt
 14970 | D:12     | Noticed a two-headed ogre
 14972 | D:12     | Killed a two-headed ogre
 15167 | D:12     | Found a staircase to the Orcish Mines.
 15261 | D:12     | Noticed a white ugly thing
 15264 | D:12     | Killed a white ugly thing
 15264 | D:12     | Noticed a brown ugly thing
 15309 | D:12     | Noticed a skeletal warrior
 15315 | D:12     | Noticed a skeletal warrior
 15315 | D:12     | Noticed a skeletal warrior
 15315 | D:12     | Noticed a skeletal warrior
 15441 | Lair:1   | Entered Level 1 of the Lair of Beasts
 15451 | Lair:1   | HP: 3/64 [spiny frog (6)]
 15451 | Lair:1   | Slain by a spiny frog

Skill      XL: |  1  2  3  4  5  6  7  8  9 10 11 |
---------------+----------------------------------+-----
Dodging        | 3 4 5 6 7 8 |  8.0
Conjurations   | 2 3 4 5 7 8 |  8.8
Air Magic      | 4 5 6 7 8 9 |  9.6
Spellcasting   | 4 5 6 8 10 11 | 11.8
Fighting       | 1 2 4 5 |  5.4
Evocations     | 4 6 7 |  7.7
Stealth        | |  2.4

Action                   |  1- 3 |  4- 6 |  7- 9 | 10-12 || total
-------------------------+-------+-------+-------+-------++-------
Melee: Unarmed           |    21 |     3 |    13 |       ||    37
       Staff             |       |       |     4 |    10 ||    14
 Cast: Shock             |    60 |   151 |   269 |   270 ||   750
       Static Discharge  |       |     7 |    53 |    43 ||   103
       Airstrike         |       |       |    11 |    20 ||    31
       Swiftness         |       |       |     3 |     4 ||     7
       Lightning Bolt    |       |       |     2 |    63 ||    65
       Flame Tongue      |       |       |       |     9 ||     9
Invok: Curse Item        |       |       |     1 |     3 ||     4
Evoke: Staff of energy   |       |       |     7 |    20 ||    27
       Wand              |       |       |       |     5 ||     5
       Fan of gales      |       |       |       |     1 ||     1
  Use: Scroll            |       |     5 |     8 |     9 ||    22
  Eat: Chunk             |     2 |     6 |    15 |    13 ||    36
       Ration            |       |       |       |     3 ||     3
Armor: Robe              |     8 |     5 |    13 |    16 ||    42
Dodge: Dodged            |    37 |    28 |    99 |   164 ||   328
